 Dungeon Crawl Stone Soup version 0.31.0-11-ge490571c62 (webtiles) character file.

Game seed: 254304274879387343

179 qw the Ducker (level 5, -2/27 HPs)
             Began as a Spriggan Hunter on Feb 3, 2024.
             Incinerated by a bombardier beetle (6 damage)
             ... with a burning spray
             ... on level 4 of the Dungeon.
             The game lasted 00:00:09 (2357 turns).

qw the Ducker (Spriggan Hunter)                     Turns: 2357, Time: 00:00:09

Health: -2/27      AC:  2    Str:  5    XL:     5   Next: 33%
Magic:  6/6        EV: 21    Int: 10    God:
Gold:   237        SH:  0    Dex: 21    Spells: 4/4 levels left

rFire   . . .        a - +0 shortbow
rCold   + . .        (shield currently unavailable)
rNeg    + . .        c - +0 robe
rPois   .            (helmet restricted)
rElec   .            (no cloak)
rCorr   .            (gloves unavailable)
SInv    +            (boots unavailable)
Will    .....        (no amulet)
Stlth   +            d - ring of positive energy
HPRegen 0.24/turn    (no ring)
MPRegen 0.10/turn

%: no passive effects
@: on fire, glowing, very quick
A: very small, no large weapons, unfitting armour, see invisible, speed 3, cold
resistance 1, weak 1
a: no special abilities


You were on level 4 of the Dungeon.
You visited 1 branch of the dungeon, and saw 4 of its levels.

You collected 237 gold pieces.


Innate Abilities, Weirdness & Mutations

You are very small and have problems with some larger weapons.
You are too small for most types of armour.
You have supernaturally acute eyesight. (SInv)
You cover ground extremely quickly. (Speed+++)
Your flesh is cold resistant. (rC+)
You are weak. (Str -2)


   Skills:
 - Level 2.4 Fighting
 + Level 5.0 Ranged Weapons
 - Level 5.5 Dodging
 - Level 1.5 Stealth


You had 4 spell levels left.
You didn't know any spells.
Your spell library was empty.

Inventory:

Hand Weapons
 a - a +0 shortbow (weapon)
Armour
 c - a +0 robe (worn)
Jewellery
 b - a ring of flight
 d - a ring of positive energy (left hand)
Wands
 h - a wand of flame (16)
Potions
 e - 2 potions of mutation
 f - a potion of enlightenment {unknown}
 g - a potion of berserk rage {unknown}
 i - 2 potions of lignification {unknown}
 j - a potion of ambrosia {unknown}

Dungeon Overview and Level Annotations

Branches:
Dungeon (4/15)
 Temple: D:4-7

Altars:
Ashenzari
Cheibriados
Uskayaw
Vehumet
Wu Jian

Shops:
D:3 =


Message History

You now have 237 gold pieces (gained 7).
A bombardier beetle comes into view.
You shoot an arrow. The arrow hits the bombardier beetle.
The bombardier beetle is moderately wounded.
You shoot an arrow.
The arrow barely misses the bombardier beetle.
You shoot an arrow.
The arrow hits the bombardier beetle but does no damage.
The bombardier beetle is moderately wounded.
You shoot an arrow.
The arrow barely misses the bombardier beetle.
You shoot an arrow.
The arrow hits the bombardier beetle but does no damage.
The bombardier beetle is moderately wounded.
You shoot an arrow. The arrow hits the bombardier beetle!
The bombardier beetle is severely wounded.
You shoot an arrow. The arrow hits the bombardier beetle.
The bombardier beetle is almost dead.
The bombardier beetle sprays incendiary fluid at you.
The burning spray hits you.
You are covered in liquid fire!
You shoot an arrow. The arrow hits the bombardier beetle.
You kill the bombardier beetle!
The liquid fire burns you!
Your Fighting skill increases to level 2!
You are on fire!
The liquid fire burns you!
You are on fire!
The liquid fire burns you!
You are on fire!
The liquid fire burns you!
You are on fire!
The liquid fire burns you!
You are on fire!
The liquid fire burns you!
You are on fire!
The liquid fire burns you!
You are on fire!
The liquid fire burns you!
You die...

#..................
#..................
#...<.............)
#..................
####.....#.####.......
#......#.#.## .......
#####.##...#....###.....##
...........###..#.......#
#####....#.#....@..%....[
.#.....#........#.......#
##
.#.##.....##.)..........
..
...#...#.........##.....
..
#......####.............
..
#.......###....(.##.....
.. ..>............... ....
.. ##......####.....#. ...
.. #......# #######.# ..


There were no monsters in sight!

Vanquished Creatures
  2 bombardier beetles
  A jelly (D:3)
  2 adders
  A dart slug (D:2)
  An orc (D:4)
  8 ball pythons
  6 endoplasms
  2 giant cockroaches
  2 goblins (D:3)
  5 hobgoblins
  6 jackals
  4 quokkas
  6 bats
  A frilled lizard (D:2)
  8 kobolds
  2 rats
57 creatures vanquished.

Notes
Turn   | Place    | Note
-------+----------+-------------------------------------------
     0 | D:1      | qw the Spriggan Hunter began the quest for the Orb.
     0 | D:1      | Reached XP level 1. HP: 10/10 MP: 2/2
     0 | D:1      | 0 ||| qw: Version: 0.3-a-157-g843a77d
     0 | D:1      | 0 ||| qw: Game counter: 4034
     0 | D:1      | 0 ||| qw: Melee chars always use a shield: true
     0 | D:1      | 0 ||| qw: God list: Okawaru
     0 | D:1      | 0 ||| qw: Allow faded altars: false
     0 | D:1      | 0 ||| qw: Do Orc after clearing Dungeon:15 true
     0 | D:1      | 0 ||| qw: Do second Lair branch before Depths: true
     0 | D:1      | 0 ||| qw: Lair rune preference: random
     0 | D:1      | 0 ||| qw: Goals: Normal
     0 | D:1      | 0 ||| PLANNING D:1-11
    73 | D:1      | Reached skill level 3 in Dodging
   209 | D:1      | Reached XP level 2. HP: 14/14 MP: 3/3
   734 | D:1      | 734 ||| READING scroll labelled ASITEU QAUS.
   735 | D:1      | 735 ||| READING scroll labelled VUSUNN KEPADA.
   738 | D:1      | 738 ||| DROPPING scroll of butterflies.
  1127 | D:2      | Reached XP level 3. HP: 12/18 MP: 4/4
  1337 | D:2      | 1337 ||| UPGRADING to ring of positive energy.
  1338 | D:2      | 1338 ||| DRINKING 2 purple potions.
  1339 | D:2      | 1339 ||| DRINKING 2 glowing dark potions.
  1339 | D:2      | Gained mutation: You are weak. (Str -2) [potion of
                  | mutation]
  1339 | D:2      | Gained mutation: Your flesh is cold resistant. (rC+)
                  | [potion of mutation]
  1340 | D:2      | 1340 ||| DROPPING potion of brilliance.
  1348 | D:3      | Found a radiant altar of Vehumet.
  1350 | D:3      | Found a snail-covered altar of Cheibriados.
  1354 | D:3      | Found a hide-covered altar of Uskayaw.
  1437 | D:3      | Found a faded altar of an unknown god.
  1503 | D:3      | Reached XP level 4. HP: 22/22 MP: 5/5
  1878 | D:3      | Found Qus Ypa's Jewellery Boutique.
  1886 | D:3      | 1886 ||| SHOPLISTING +4 ring of protection (396 gold, have
                  | 195).
  1886 | D:3      | 1886 ||| SHOPLISTING +6 ring of strength (396 gold, have
                  | 195).
  1886 | D:3      | 1886 ||| SHOPLISTING amulet of the acrobat (330 gold, have
                  | 195).
  1886 | D:3      | 1886 ||| SHOPLISTING ring of poison resistance (220 gold,
                  | have 195).
  1886 | D:3      | 1886 ||| SHOPLISTING ring of positive energy (220 gold,
                  | have 195).
  1886 | D:3      | 1886 ||| SHOPLISTING ring of willpower (275 gold, have
                  | 195).
  1958 | D:3      | 1958 ||| READING scroll labelled MAEPNE NUQACSE.
  2059 | D:3      | 2059 ||| READING scroll labelled MIGIMI GIMNI.
  2071 | D:4      | Found a broken altar of Ashenzari.
  2110 | D:4      | Found an ornate altar of the Wu Jian Council.
  2205 | D:4      | Reached XP level 5. HP: 26/26 MP: 6/6
  2356 | D:4      | HP: 3/27 [burnt (5)]
  2357 | D:4      | Incinerated by a bombardier beetle

Levels and vault maps discovered:
D:1:      tekkud_arrival_beachfront_property, layout_basic
D:2:      layout_loops_cross
D:3:      layout_basic, grunt_temple_overflow_open, serial_shops, shop,
          dreamdust_ecumenical_altar_grove, chequers_serial_rivers_small_3
D:4:      layout_basic, cheibrodos_ashenzari_chains, kennysheep_mini,
          minmay_temple_entry_proselytizer, nicolae_twisty_statue_hallways

Skill      XL: |  1  2  3  4  5 |
---------------+----------------+-----
Dodging        | 3 4 5 |  5.5
Ranged Weapons | 5 |  5.0
Fighting       | 2 |  2.4
Stealth        | |  1.5

Action                     |  1- 3 |  4- 6 || total
---------------------------+-------+-------++-------
   Fire: Shortbow          |   119 |    56 ||   175
    Use: Scroll            |     2 |     2 ||     4
         Potion            |     2 |       ||     2
 Armour: Robe              |    14 |     4 ||    18
  Dodge: Dodged            |    50 |    14 ||    64

Table legend:
 A = Non-vault XP
 B = Vault XP
 C = Vault XP percentage of total XP
 D = Non-vault monster count
 E = Vault monster count
 F = Vault count percentage of total count
                 A         B        C        D         E       F
            +---------+---------+-------+---------+---------+-------
      Total |     257 |       0 |   0.0 |      57 |       0 |   0.0
            +---------+---------+-------+---------+---------+-------
        D:1 |      19 |       0 |   0.0 |      11 |       0 |   0.0
        D:2 |      43 |       0 |   0.0 |      18 |       0 |   0.0
        D:3 |     125 |       0 |   0.0 |      16 |       0 |   0.0
        D:4 |      70 |       0 |   0.0 |      12 |       0 |   0.0
            +---------+---------+-------+---------+---------+-------
